 Dungeon Crawl Stone Soup version 0.30-a0-920-g7493c07aab (webtiles) character file.

Game seed: 18256586401299702729

47 kiwi3s the Trooper (level 3, -4/24 HPs)
             Began as a Gargoyle Berserker on Mar 21, 2023.
             Was a Believer of Trog.
             Killed by divine providence
             ... invoked by an orc priest
              (12 damage)
             ... on level 2 of the Dungeon.
             The game lasted 00:01:36 (911 turns).

kiwi3s the Trooper (Gargoyle Berserker)              Turns: 911, Time: 00:01:39

Health: -4/24      AC:  5    Str: 22    XL:     3   Next: 70%
Magic:  3/3        EV: 12    Int:  7    God:    Trog [**....]
Gold:   74         SH:  0    Dex:  9    Spells: 2/2 levels left

rFire   . . .      SeeInvis .    k - +2 mace (heavy)
rCold   . . .      Faith    .    (no shield)
rNeg    + . .      Spirit   .    b - +0 animal skin
rPois   ∞          Reflect  .    (no helmet)
rElec   +          Rampage  .    (no cloak)
rCorr   .                        (no gloves)
Will    .....                    (no boots)
Stlth   +                        (no amulet)
HPRegen 0.24/turn                (no ring)
MPRegen 0.08/turn                (no ring)

@: no status effects
A: sickness immunity, AC +3, negative energy resistance 1, electricity
resistance, torment resistance 1, petrification resistance
a: Renounce Religion, Berserk, Trog's Hand


You were on level 2 of the Dungeon.
You worshipped Trog.
Trog was pleased with you.
You visited 1 branch of the dungeon, and saw 2 of its levels.

You collected 74 gold pieces.

Inventory:

Hand Weapons
 a - a +0 hand axe
 k - a +2 heavy mace (weapon)
Armour
 b - a +0 animal skin (worn)
Jewellery
 l - a +6 ring of intelligence
Scrolls
 c - 2 scrolls of identify {unknown}
 d - 3 scrolls of enchant armour {unknown}
 g - a scroll of noise {unknown}
 j - a scroll of acquirement {unknown}
 m - a scroll of teleportation {unknown}
 n - a scroll of enchant weapon {unknown}
 o - 3 scrolls of blinking {unknown}
Potions
 e - a potion of heal wounds {unknown}
 f - a potion of curing {unknown}
 h - a potion of magic {unknown}
 i - a potion of haste {unknown}


   Skills:
 + Level 3.7 Fighting
 - Level 2.9(3.0) Axes
 + Level 0.6(2.1) Maces & Flails
 + Level 2.8 Armour
 + Level 2.1 Dodging


You had 2 spell levels left.
You didn't know any spells.
Your spell library was empty.

Dungeon Overview and Level Annotations

Branches:
Dungeon (2/15)

Altars:


Innate Abilities, Weirdness & Mutations

You are immune to sickness and miasma.
Your stone body is resilient. (AC +3)
You are immune to poison.
You resist negative energy. (rN+)
You are resistant to electric shocks. (rElec)
You are resistant to unholy torment.
You are immune to petrification.


Message History

a +0 dagger; a goblin corpse Key pressed, stopping explore.
No target in view!
HP restored.
m - a scroll labelled IDEPPUQETHRO No target in view!
n - a scroll labelled FOCEJ YSMENIE No target in view!
o - 3 scrolls labelled JISIV FOFOSINO No target in view!
An orc priest comes into view. It is wielding a +0 dagger.
The orc priest shouts!
Found an escape hatch in the floor.
A rat comes into view.
An orc wizard comes into view. It is wielding a +0 dagger.
An orc comes into view. It is wielding a +0 short sword.
The orc priest looks braver for a moment.
There are monsters nearby!
The orc wizard shouts!
The orc shouts!
There are monsters nearby!
Found a stone staircase leading up.
You miss the orc wizard.
The orc wizard hits you with a +0 dagger.
The orc hits you but does no damage. The orc barely misses you.
The orc wizard hits you but does no damage.
You closely miss the orc wizard. The orc wizard barely misses you.
The orc hits you but does no damage. x2; The orc wizard closely misses you.
You miss the orc wizard.
The orc wizard gestures at you while chanting.
The puff of flame hits you. The orc hits you with a +0 short sword.
The orc wizard hits you but does no damage.
The orc closely misses you.
You barely miss the orc wizard.
The orc wizard hits you with a +0 dagger.
The orc closely misses you.
The orc wizard hits you with a +0 dagger.
The orc priest mumbles some strange prayers to Beogh against you.
Beogh smites you!
Ouch! That really hurt!
You die...

.....# .....# .....#
. .....# .# .. .....#
.# .# .....# ##. ..#
.....# #.. ##...##
##..†## #.#
###oo...<. ..<.†.#
#.# #.@o#
.....†###.#####.##..#
..).............#..##
..................#
......###:####?.###
......# #.# #..#
......# #.# ...#
.....## #.# .#>.
.....## #.# .####.


You could see an orc priest, an orc wizard and an orc.

Vanquished Creatures
  An adder (D:2)
  2 dart slugs (D:1)
  5 ball pythons
  2 bats (D:1)
  5 endoplasms
  4 goblins
  A hobgoblin (D:2)
  A kobold (D:1)
  5 quokkas
  2 frilled lizards (D:1)
  3 rats (D:1)
31 creatures vanquished.

Notes
Turn   | Place    | Note
-------+----------+-------------------------------------------
     0 | D:1      | kiwi3s the Gargoyle Berserker began the quest for the Orb.
     0 | D:1      | Reached XP level 1. HP: 14/14 MP: 1/1
   183 | D:1      | Reached XP level 2. HP: 14/19 MP: 2/2
   211 | D:1      | Found a faded altar of an unknown god.
   493 | D:1      | Reached XP level 3. HP: 17/23 MP: 3/3
   811 | D:2      | Reached ** piety under Trog
   911 | D:2      | Killed from afar by an orc priest

Illustrated notes

Levels and vault maps discovered:
D:1:      dpeg_arrival_chambers_temple_mockup, layout_loops_cross,
          ebering_ecumenical_altar_sacrificial
D:2:      layout_rooms, basic_altar, uniq_robin

Skill      XL: |  1  2  3 |
---------------+----------+-----
Dodging        | 2 |  2.1
Fighting       | |  3.7
Axes           | |  2.9
Maces & Flails | |  0.6
Armour         | |  2.8

Action                     || total
---------------------------++-------
  Melee: Hand axe          ||    47
         Mace              ||    46
         Punch             ||     3
 Armour: Animal skin       ||    48
  Dodge: Dodged            ||    85

Table legend: (Time is in decaauts)
 A = Elapsed time spent in this place.
 B = Non-inter-level travel time spent in this place.
 C = Inter-level travel time spent in this place.
 D = Time resting spent in this place.
 E = Time spent auto-exploring this place.
 F = Levels seen in this place.
 G = Mean time per level.
                   A        B        C        D        E       F      G
               +--------+--------+--------+--------+--------+-----+--------+
         Total |    960 |    932 |     28 |      0 |    696 |   2 |  480.0 |
       Dungeon |    960 |    932 |     28 |      0 |    696 |   2 |  480.0 |
               +--------+--------+--------+--------+--------+-----+--------+

Top non-repeatable levels by time:
     D:1: 827 daAuts
     D:2: 132 daAuts
